[Event "Romanian Superliga 2024"]
[Site "Mamaia"]
[Date "2024.09.29"]
[Round "2.18"]
[White "Nastore, Pavel-Alexandru"]
[Black "Tudor, Henry Edward"]
[Result "1/2-1/2"]
[ECO "B99"]
[WhiteElo "2252"]
[BlackElo "2347"]
[Annotator "ChessBase"]
[PlyCount "66"]
[EventDate "2024.09.26"]
[EventType "team-tourn"]
[EventCountry "ROU"]
[SourceTitle "playchess.com"]
[Source "ChessBase"]
[SourceQuality "1"]
[TimeControl "40/5400+30:1800+30"]

1. e4 c5 2. Nf3 d6 3. d4 cxd4 4. Nxd4 Nf6 5. Nc3 a6 6. Bg5 e6 7. f4 Be7 8. Qf3 Qc7 9. O-O-O Nbd7 10. g4 h6 11. Bxf6 Bxf6 12. h4 Nb6 13. Be2 Bd7 14. g5 Be7 15. g6 fxg6 16. Qg4 O-O-O 17. Nxe6 Bxe6 18. Qxe6+ Kb8 19. Qxg6 d5 20. Nxd5 Nxd5 21. exd5 Qxf4+ 22. Kb1 Bf6 23. Qg4 Qe5 24. c3 Rxd5 25. Rxd5 Qxd5 26. Rd1 Qe5 27. Rd7 Rd8 28. Rxd8+ Bxd8 29. h5 Bg5 30. a4 Bf6 31. Bf3 Qe1+ 32. Ka2 Qe7 33. Qe4 Qxe4 1/2-1/2

[Event "Romanian Superliga 2024"]
[Site "Mamaia"]
[Date "2024.09.29"]
[Round "2.19"]
[White "Hamitevici, Vladimir"]
[Black "Mendonca, Leon Luke"]
[Result "0-1"]
[ECO "A13"]
[WhiteElo "2419"]
[BlackElo "2622"]
[Annotator "TA"]
[PlyCount "58"]
[EventDate "2024.09.26"]
[EventType "team-tourn"]
[EventCountry "ROU"]
[SourceTitle "playchess.com"]
[Source "ChessBase"]
[SourceQuality "1"]
[TimeControl "40/5400+30:1800+30"]

1. c4 e6 2. g3 d5 3. Bg2 d4 4. Nf3 c5 5. e3 Ne7 6. exd4 {[%emt 0:01:23] A13: Engelse Opening: 1...e6.} cxd4 7. b4 a5 $146 {[%emt 0:06:02] Maintains equality. Fout (1.0)} (7... Ng6 $1 $11) ({Predecessor:} 7... Nf5 8. Ba3 Be7 9. O-O O-O 10. d3 Nd7 11. Re1 Re8 12. Ne5 Qc7 13. Nxd7 Bxd7 {0-1 Ivanchuk,V (2678)-Keymer,V (2591) Tetraktys Concept Mgmt blitz 2021 (6)}) {White should attempt.} 8. Bb2 {[%emt 0:03:49] Fout (0.6)} (8. b5 $16) 8... Nf5 {White should consider.} 9. Qa4+ {[%emt 0:08:05] Fout (1.3)} (9. b5 $14) 9... Nd7 $15 {[%emt 0:05:27][%cal Ob7b5] OK} 10. a3 {[%emt 0:12:53] [#] Onnauwkeurig} {Black should try.} Ra6 {[%emt 0:06:57] Fout (1.2)} (10... b5 $1 $17 11. cxb5 (11. Qxb5 axb4 12. axb4 Rb8 $15) 11... Bb7) 11. Qc2 axb4 {[%emt 0:17:57] Beste (Gemakkelijk)} 12. axb4 {[%emt 0:00:47] Rxa6 zou dodelijk zijn.} Rxa1 {[%emt 0:01:07] OK} 13. Bxa1 {[%emt 0:00:03] Sterke dreiging met c5.} Bxb4 {[%emt 0:00:17] OK} 14. Nxd4 {[%emt 0:01:21] Beste (Gemakkelijk)} Qf6 {[%emt 0:03:42] OK} 15. Nb3 {[%emt 0:03:36] OK} Qg6 {[%emt 0:00:37] OK} {White should try.} 16. Nd4 {[%emt 0:15:35] Fout (0.8)} (16. Qe4 $1 $14) {Black should attempt.} 16... Qf6 {[%emt 0:05:49] Fout (0.5)} (16... Nh4 $1) 17. Nb3 $11 {[%emt 0:00:42] OK} Qg6 {[%emt 0:00:05] OK} 18. Nd4 {[%emt 0:01:54] Nxf5 is de sterke dreiging.} Nh4 {[%emt 0:12:24] OK} 19. Be4 {[%emt 0:01:50] OK} f5 $1 {[%emt 0:00:06] Sterk} 20. Qb3 {[%emt 0:09:24] OK} O-O {[%emt 0:07:36] is preferable. Fout (0.5)} (20... Bc5 $1 $15 21. Bxb7 O-O (21... Bxb7 22. Qxb7 Bxd4 23. Bxd4 $16)) 21. Bc2 $1 {[%emt 0:01:49] Sterk} ({Speel niet} 21. Qxb4 fxe4 22. Qb5 (22. gxh4 $2 {vergaat.} Qg2 $19) 22... Ng2+ 23. Kf1 Qf6 $19) 21... e5 $1 $36 {[%emt 0:01:35][%mdl 2048] Zwart heeft enige druk. Sterk} ({Neem niet} 21... Ng2+ $2 22. Kf1 $18) 22. c5+ $1 {[%emt 0:10:49] Sterk} (22. Qxb4 $2 exd4 23. Kd1 (23. gxh4 $2 Qg2 $19) 23... Qc6 $19) 22... Kh8 {[%emt 0:00:29] Onnauwkeurig} 23. c6 $2 {[%emt 0:08:22] White is secure. Verliest partij (2.4)} (23. Ne6 $1 $11) 23... exd4 24. cxd7 {[%emt 0:00:08] OK} {Black should consider.} Qc6 $2 {[%emt 0:00:36] Gemiste overwinning (2.1)} (24... Bxd7 $19 25. Qxb4 Rc8 26. Bxd4 (26. gxh4 Qg2 $11) 26... Nf3+ (26... Qc6 27. gxh4 Qxh1+ 28. Ke2 $11) 27. Ke2 Nxd4+ 28. Qxd4 Bb5+ 29. d3 (29. Bd3 $2 Qe8+ 30. Kf1 Rd8 $19) 29... Rxc2+ 30. Nd2 Qh5+ 31. f3 Qe8+ 32. Qe3 Bxd3+ 33. Kf2 (33. Kxd3 $2 {verliest.} Rc3+ 34. Kxc3 Qxe3+ 35. Kc2 Qf2 $19) 33... Qd7) 25. f3 {[%emt 0:01:21][%mdl 8192] White is untroubled. Verliest partij (4.4)} (25. Qxb4 $11 Qxh1+ 26. Ke2 Qf3+ 27. Ke1) 25... Qxf3 26. Qxf3 Nxf3+ 27. Ke2 {[%emt 0:01:24] Onnauwkeurig} Bxd7 {[%emt 0:00:05] OK} 28. Rf1 Bb5+ 29. d3 $2 {[%emt 0:00:14] [#] Fout (2.6)} (29. Bd3 Re8+ (29... Nxh2 $2 30. Bxb5 Nxf1 31. Kxf1 $19) 30. Kxf3 Bxd3 31. Rc1) 29... Ne1 $1 {[%emt 0:00:19] Blunder waarde: Wit=0.76/Zwart=0.53.  Verliest partij:   	Wit=2      	---        Gemiste overwinning: 	---       	Zwart=1      Fout:        	Wit=4      	Zwart=4      Onnauwkeurig:    	Wit=2      	Zwart=1      OK:         	Wit=5      	Zwart=8      Beste:        	Wit=1      	Zwart=1      Sterk:        	Wit=2      	Zwart=2} 0-1

[Event "Romanian Superliga 2024"]
[Site "Mamaia"]
[Date "2024.09.29"]
[Round "2.20"]
[White "Aryan Chopra"]
[Black "Raceanu, Valentin"]
[Result "1-0"]
[ECO "B38"]
[WhiteElo "2620"]
[BlackElo "2427"]
[Annotator "TA"]
[PlyCount "59"]
[EventDate "2024.09.26"]
[EventType "team-tourn"]
[EventCountry "ROU"]
[SourceTitle "playchess.com"]
[Source "ChessBase"]
[SourceQuality "1"]
[TimeControl "40/5400+30:1800+30"]

1. e4 c5 2. Nf3 g6 3. c4 Bg7 4. d4 cxd4 5. Nxd4 Nc6 6. Be3 Nf6 7. Nc3 d6 8. Be2 O-O 9. O-O Bd7 10. Nc2 Rc8 11. f3 Be6 12. Qd2 Nd7 13. Rab1 f5 {[%emt 0:04:54] White has an edge.} 14. b3 f4 15. Bf2 Qa5 16. b4 Qg5 (16... Bxc3 $11 17. Qxc3 Qg5) 17. Rfc1 (17. Nd5 $1 $16) 17... Rf7 {[%emt 0:14:39] [#]} (17... Bxc3 $11 18. Qxc3 Nce5) 18. Nd5 $1 $16 Nce5 {[%emt 0:06:24] [#]} 19. h4 $1 (19. Bxa7 Nxc4 20. Bxc4 Rxc4 $11) (19. Nd4 Bh3 20. Nxf4 Rxf4 $11) 19... Qh6 20. Nd4 $36 {[%emt 0:00:08][%mdl 2048] Keeping Black busy.} (20. Bxa7 $6 g5 (20... Nxc4 21. Bxc4 Rxc4 22. Nd4 $14) (20... Qxh4 21. Bf2 $16) 21. hxg5 Qxg5 $11) 20... Bxd5 {[%emt 0:04:07] Loses the game.} (20... Nf8 $16) 21. cxd5 $18 Rxc1+ 22. Rxc1 (22. Qxc1 Nf8 23. Qc8 Bf6 $18) 22... Bf6 23. g3 g5 24. Nf5 {[%emt 0:02:18][%csl LRa7,LRh6] White is clearly winning.} Qg6 25. gxf4 (25. Bxa7 gxh4 26. a4 (26. Qxf4 $2 Bg5 $19) 26... hxg3 (26... fxg3 $2 27. f4 $18) 27. Qxf4 Bg5 28. Rc8+ Rf8 29. Rxf8+ (29. Qxg3 $2 Rxc8 30. f4 Rc1+ 31. Kf2 Bxf4 $19) 29... Kxf8 30. Qxg3 Nf6 $16) 25... gxf4+ 26. Kh1 {[%emt 0:00:32][%cal Oc1g1] Black must now prevent Rg1!} Qh5 27. Qxf4 (27. Bxa7 Bxh4 28. Rc8+ Nf8 $17) 27... Rf8 28. Qh6 {[%emt 0:01:23] Wards off Ng6} ({Much less strong is} 28. Bxa7 Kh8 29. a4 b6 $18) 28... Qf7 (28... Qxh6 $142 29. Nxh6+ Kh8) 29. Rg1+ Kh8 30. f4 {[%emt 0:00:04] Weighted Error Value: White=0.12 (very precise) /Black=0.42.  Mistake:       	White=1     	Black=4      Inaccurate:     	White=1     	Black=1      OK:         	White=10    	Black=3      Best:        	White=1     	Black=1      Strong:       	White=1     	---} 1-0

[Event "Romanian Superliga 2024"]
[Site "Mamaia"]
[Date "2024.09.29"]
[Round "2.21"]
[White "Soltanici, Ruslan"]
[Black "Nisipeanu, Liviu-Dieter"]
[Result "0-1"]
[ECO "C77"]
[WhiteElo "2316"]
[BlackElo "2580"]
[Annotator "TA"]
[PlyCount "50"]
[EventDate "2024.09.26"]
[EventType "team-tourn"]
[EventCountry "ROU"]
[SourceTitle "playchess.com"]
[Source "ChessBase"]
[SourceQuality "1"]
[TimeControl "40/5400+30:1800+30"]

1. e4 e5 2. Nf3 Nc6 3. Bb5 a6 4. Ba4 Nf6 5. Nc3 b5 6. Bb3 Be7 7. a4 b4 8. Nd5 Na5 9. Nxe5 (9. Ba2 $11) 9... Nxb3 $15 10. cxb3 Nxd5 11. exd5 O-O 12. O-O Bb7 {[%emt 0:00:22][%mdl 1024] Black has compensation.} 13. Qf3 a5 14. Re1 Ra6 15. d4 Rd6 16. Bf4 Bxd5 17. Qd3 Re6 18. Nc4 Qa8 19. f3 c5 20. Be3 $2 {[%emt 0:21:31][%mdl 8192] [#] White does not recover from this.} (20. Rad1 $11 {and White has nothing to worry.}) 20... Bxf3 $1 $19 21. gxf3 {[%emt 0:03:26] And now d5 would win.} (21. g3 Re8) 21... Rg6+ ({Not} 21... Qxf3 22. Nd2 (22. dxc5 $2 {loses.} Rg6+ $19) 22... Qd5 23. Bf2 $14) 22. Qxg6 $2 ({Don't go for} 22. Kf2 $2 Bh4+ 23. Ke2 Rg2+ $19) (22. Bg5 Bxg5 (22... Rxg5+ $2 23. Kh1 $19) 23. Kh1 cxd4 24. Rf1) 22... fxg6 {[%emt 0:00:32] Black is clearly winning.} 23. Nd2 cxd4 24. Bxd4 Qd5 25. Be3 Bc5 {[%emt 0:01:20] Weighted Error Value: White=0.65/Black=0.03 (flawless) .  Loses game:     	White=1     	---        Mistake:       	White=2     	---        Inaccurate:     	---       	Black=1      OK:         	White=6     	Black=9      Best:        	---       	Black=2      Brilliant:      	---       	Black=1} 0-1

[Event "Romanian Superliga 2024"]
[Site "Mamaia"]
[Date "2024.09.29"]
[Round "2.22"]
[White "Nanu, Costica-Ciprian"]
[Black "Filip, Andrei"]
[Result "1-0"]
[ECO "B07"]
[WhiteElo "2525"]
[BlackElo "2278"]
[Annotator "TA"]
[PlyCount "161"]
[EventDate "2024.09.26"]
[EventType "team-tourn"]
[EventCountry "ROU"]
[SourceTitle "playchess.com"]
[Source "ChessBase"]
[SourceQuality "1"]
[TimeControl "40/5400+30:1800+30"]

1. d4 Nf6 2. Nf3 g6 3. Nbd2 Bg7 4. e4 d6 5. Bd3 O-O 6. O-O Nc6 7. d5 {[%emt 0:02:39] B07: Pirc Defence: Miscellaneous Systems.} Nb4 8. Re1 $146 ({Predecessor:} 8. Be2 c6 9. c4 cxd5 10. exd5 Bf5 11. Nd4 Bd7 12. a3 Na6 13. N2f3 Nc5 14. b4 Nce4 {1-0 Karthikeyan,M (2624)-Andriasian,Z (2558) Abu Dhabi Masters Online blitz 2024 (11)}) 8... Nxd3 9. cxd3 e6 10. dxe6 Bxe6 11. d4 c5 12. b3 cxd4 13. Bb2 Ng4 14. Nf1 Re8 15. h3 Ne5 16. Nxd4 Bd7 17. Qd2 Qh4 18. Rad1 Rad8 19. f3 (19. f4 Bh6 $11) 19... Bh6 ({Better is} 19... b6 $14) 20. Qf2 $16 Qxf2+ 21. Kxf2 Rc8 22. Ne3 Bg7 23. Re2 f6 24. Ba3 Bf8 25. Nd5 Kg7 26. Bb2 Be7 27. f4 Nf7 28. g4 Kf8 29. Nf3 Bb5 30. Re3 Rc2+ 31. Rd2 Rxd2+ 32. Nxd2 Rc8 33. Rc3 ({But not} 33. Bxf6 $6 Bxf6 34. Nxf6 Kg7 $11) (33. Nxf6 $2 {perishes.} Rc2 34. Nxh7+ Kg8 35. Nf6+ Bxf6 36. Bxf6 Rxd2+ 37. Kg3 d5 (37... Rxa2 $2 38. f5 $19) 38. exd5 Rxd5 $19 (38... Rxa2 39. Re7 $17)) 33... Rxc3 34. Bxc3 f5 35. Nxe7 Kxe7 36. exf5 (36. gxf5 gxf5 37. exf5 Bd3 $14) 36... gxf5 37. gxf5 (37. g5 $16) 37... Bd3 38. f6+ Ke6 39. Nf3 Bb1 40. a3 Kf5 41. Ke3 a6 42. b4 Ke6 (42... Kg6 $11) 43. h4 (43. Ng5+ $16 Nxg5 44. fxg5) 43... Bg6 $11 44. Ng5+ Nxg5 (44... Kf5 $11 {keeps the balance.}) 45. fxg5 $16 Bh5 46. Kf4 Bd1 47. Bd4 Kf7 48. Bb6 Ke6 49. Bd8 Kf7 50. Be7 Ke6 51. Bf8 Bh5 52. Ke4 Bg6+ 53. Kd4 Bh5 54. Be7 Bf3 55. Bd8 Bh5 56. Bc7 Bf3 57. Kc3 Bd1 (57... b5 $142) 58. Bb6 (58. b5 $142 $1) 58... Kf7 (58... Bh5 $142) 59. Be3 (59. b5 $142 $1) 59... Ke6 (59... b5 $142 60. Kd2 Bh5) 60. Bf4 (60. b5 $142 $1) 60... Bf3 61. Be3 Bd1 $1 {[%emt 0:00:49] [#]} 62. Bd4 ({White should try} 62. b5 $1) 62... Kf7 {[%emt 0:01:07] [#]} (62... b5 $142 63. Be3 Bh5) 63. b5 $1 $16 axb5 64. Kb4 Be2 65. Ka5 Kg6 $2 (65... Ke6 66. Kb6 Kf7 67. Kxb7 Bf3+ 68. Kb6 Be2) 66. Kb6 $18 Kf7 $2 (66... Bc4 67. Kxb7 Kh5) 67. Kxb7 $18 Ke6 68. Kc6 Bd3 69. h5 Kf7 70. Kxd6 (70. Kd5 $142 Bc4+ 71. Kxd6) 70... Bc2 71. Kc5 Bd3 72. Be3 Ke6 73. g6 Kxf6 74. Bd4+ Ke6 75. gxh7 Bxh7 76. Kxb5 Kd7 77. Kb6 Bc2 78. h6 Kc8 79. Be5 Kd7 80. a4 Ke6 81. Bc3 1-0

[Event "Romanian Superliga 2024"]
[Site "Mamaia"]
[Date "2024.09.29"]
[Round "2.23"]
[White "Itkis, Boris"]
[Black "Ilinca, Felix-Antonio"]
[Result "0-1"]
[ECO "A39"]
[WhiteElo "2279"]
[BlackElo "2417"]
[Annotator "RC"]
[PlyCount "124"]
[EventDate "2024.09.26"]
[EventType "team-tourn"]
[EventCountry "ROU"]
[SourceTitle "playchess.com"]
[Source "ChessBase"]
[SourceQuality "1"]
[TimeControl "40/5400+30:1800+30"]

1. Nf3 c5 2. c4 Nc6 3. Nc3 Nf6 4. g3 g6 5. Bg2 Bg7 6. O-O O-O 7. d4 cxd4 8. Nxd4 Qa5 9. e3 d6 10. Qe2 Bg4 11. f3 Bd7 12. Bd2 Qb6 13. Nb3 Ne5 14. Nd4 Qxb2 15. Rfb1 Qa3 16. f4 Nc6 17. Rxb7 Qa6 18. Rab1 Nxd4 19. exd4 Bf5 20. R1b2 e6 21. h3 d5 22. g4 Be4 23. Bxe4 Nxe4 24. Nxe4 dxe4 25. Be3 Rfd8 26. c5 Qc6 27. Qb5 Qxb5 28. R7xb5 Bxd4 29. Bxd4 Rxd4 30. Rc2 e3 31. c6 Rd1+ 32. Kg2 Rd2+ 33. Rxd2 exd2 34. Rb1 Rc8 35. Rd1 Rxc6 36. Rxd2 Rc3 37. g5 Ra3 38. h4 Kg7 39. Rc2 Re3 40. Rd2 e5 41. fxe5 Rxe5 42. Rd7 Re2+ 43. Kg3 Rxa2 44. Rb7 a5 45. Ra7 a4 46. Kh3 a3 47. Kg3 Ra1 48. Kg2 a2 49. Kh2 h6 50. Ra8 Kh7 51. Ra7 hxg5 52. hxg5 Kg8 53. Ra8+ Kg7 54. Ra6 Kf8 55. Ra7 Ke8 56. Ra8+ Kd7 57. Ra6 Ke7 58. Ra5 Ke6 59. Ra7 Rf1 60. Rxa2 Kf5 61. Rg2 Kf4 62. Rg3 Rh1+ 0-1

[Event "Romanian Superliga 2024"]
[Site "Mamaia"]
[Date "2024.09.29"]
[Round "2.24"]
[White "Magold, Filip"]
[Black "Negrean, Andrei"]
[Result "0-1"]
[ECO "B30"]
[WhiteElo "2406"]
[BlackElo "2267"]
[Annotator "RC"]
[PlyCount "76"]
[EventDate "2024.09.26"]
[EventType "team-tourn"]
[EventCountry "ROU"]
[SourceTitle "playchess.com"]
[Source "ChessBase"]
[SourceQuality "1"]
[TimeControl "40/5400+30:1800+30"]

1. e4 c5 2. Nf3 Nc6 3. Nc3 e5 4. Bc4 d6 5. d3 Be7 6. h3 Nf6 7. Bg5 O-O 8. O-O Be6 9. Bxf6 Bxf6 10. Nd5 g6 11. c3 Bg7 12. a3 Ne7 13. Ne3 d5 14. Ba2 Qd7 15. Ng5 a5 16. a4 Rad8 17. Qb3 h5 18. Qb6 Qd6 19. Qxd6 Rxd6 20. exd5 Bxd5 21. Ne4 Rdd8 22. Nxd5 Nxd5 23. Nxc5 b6 24. Ne4 Nf4 25. Rfd1 Nxd3 26. Rab1 Nc5 27. Nd6 Bf6 28. b3 Be7 29. Nb5 Kg7 30. Kf1 e4 31. Rxd8 Rxd8 32. Ke2 Nd3 33. b4 axb4 34. cxb4 Bxb4 35. g3 Bc5 36. f3 exf3+ 37. Kxf3 Re8 38. Bd5 Ne1+ 0-1